 Dungeon Crawl Stone Soup version 0.31.0-9-g3a7656b989 (webtiles) character file.

Game seed: 2113737802385709187

1658517 EnegeticOcto the Inferno (level 26, 330/330 HPs)
             Began as a Troll Monk on Jan 31, 2024.
             Was the Champion of Ignis.
             Escaped with the Orb
             ... and 3 runes!
             The game lasted 01:52:29 (70909 turns).

EnegeticOcto the Inferno (Troll Monk)              Turns: 70909, Time: 01:52:29

Health: 330/330    AC: 35    Str: 32 (34) XL:     26   Next: 60%
Magic:  39/39      EV: 16    Int: 10 (12) God:    Ignis [******]
Gold:   3784       SH: 32    Dex: 15 (16) Spells: 19/25 levels left

rFire   + +          .
                       - Unarmed
rCold   + + .        Q - +12 tower shield of Honour {rN+}
rNeg    + + +        C - melded +1 pearl dragon scales "Jycus" {rPois rC- rN+ Will+ Dex+2}
rPois   ∞            Z - +0 hat of the Iron City of Dis {+Blink rC++ Regen+ Stlth+}
rElec   +            q - +2 cloak
rCorr   +            (gloves unavailable)
SInv    +            (boots unavailable)
Will    +++..        S - amulet "Xoesaw" {rElec Regen+ rCorr Str+8 Dex-4}
Stlth   ++           U - ring of Waohiub {*Corrode rF+ rN+ Will+ SInv}
HPRegen 3.15/turn    a - ring of Amelioration {Will+ Int+6}
MPRegen 0.26/turn

%: corrode self (3%)
@: statue-form, studying Stealth, very slow
A: slow and powerful, torment resistance 1, boosted hp, large, unfitting armour,
claws 3, regeneration 1, (shaggy fur 1), (tough skin 1), talons 2, deformed
body, frail 1, high MP 1
0: Orb of Zot
}: 3/15 runes: decaying, serpentine, silver
a: Begin Untransformation, Renounce Religion, Evoke Blink, Fiery Armour, Foxfire
Swarm, Rising Flame


You escaped.
You worshipped Ignis.
Ignis was exalted by your worship.
You were a living statue of rough stone.
You visited 10 branches of the dungeon, and saw 50 of its levels.
You also visited: Desolation.

You collected 8787 gold pieces.
You spent 5003 gold pieces at shops.

Inventory:

Missiles
 d - 4 throwing nets {!f}
 h - 48 boomerangs (quivered)
 F - 98 large rocks
 G - 9 silver javelins
 K - 11 curare-tipped darts
 P - 11 javelins
Armour
 q - a +2 cloak (worn)
   (You found it on level 2 of the Dungeon)
 C - the +1 pearl dragon scales "Jycus" (melded) {rPois rC- rN+ Will+ Dex+2}
   (You bought it in a shop on level 4 of the Dungeon)

   Dex+2:     It affects your dexterity (+2).
   rC-:       It makes you vulnerable to cold.
   rPois:     It protects you from poison rN+: It protects you from negative
   energy.
   Will+:     It increases your willpower.
 Q - the +12 tower shield of Honour (worn) {rN+}
   (You found it on level 2 of the Snake Pit)

   rN+:       It protects you from negative energy.
 Z - the +0 hat of the Iron City of Dis (worn) {+Blink rC++ Regen+ Stlth+}
   (You acquired it on level 4 of the Vaults)

   rC++:      It greatly protects you from cold.
   +Blink:    It lets you blink.
   Regen+:    It increases your rate of health regeneration.
   Stlth+:    It makes you more stealthy.
Jewellery
 a - the ring of Amelioration (right claw) {Will+ Int+6}
   (You took it off a deep elf death mage on level 3 of the Elven Halls)

   [ring of intelligence]

   Int+6:     It affects your intelligence (+6).
   Will+:     It increases your willpower.
 S - the amulet "Xoesaw" (around neck) {rElec Regen+ rCorr Str+8 Dex-4}
   (You found it on level 3 of the Crypt)

   [amulet of regeneration]

   Str+8:     It affects your strength (+8).
   Dex-4:     It affects your dexterity (-4).
   rElec:     It insulates you from electricity.
   Regen+:    It increases your rate of health regeneration.
   rCorr:     It protects you from acid and corrosion.
 U - the ring of Waohiub (left claw) {*Corrode rF+ rN+ Will+ SInv}
   (You found it in the Desolation of Salt)

   [ring of willpower]

   rF+:       It protects you from fire.
   rN+:       It protects you from negative energy.
   Will+:     It increases your willpower.
   SInv:      It lets you see invisible.
   *Corrode:  It may corrode you when you take damage.
 X - a ring of flight
   (You found it on level 3 of the Depths)
 Y - a +4 ring of protection
   (You found it on level 13 of the Dungeon)
Talismans
 E - a granite talisman (active)
   (You took it off Roxanne on level 4 of the Snake Pit)
Wands
 s - a wand of paralysis (80)
   (You took it off Maurice on level 7 of the Dungeon)
 w - a wand of digging (12) {@v3}
   (You found it on level 4 of the Snake Pit)
 A - a wand of polymorph (20)
   (You found it on level 2 of the Swamp)
 B - a wand of flame (144) {@v4}
   (You bought it in a shop on level 4 of the Dungeon)
 I - a wand of mindburst (52)
   (You found it on level 1 of the Snake Pit)
 L - a wand of acid (41) {@v1}
   (You found it on level 3 of the Elven Halls)
 V - a wand of roots (31) {@v2}
   (You found it on level 5 of the Lair of Beasts)
Scrolls
 b - 2 scrolls of summoning {!r}
 e - 6 scrolls of teleportation {@r3 !r}
 k - 15 scrolls of poison {!r}
 o - 8 scrolls of fear {!r}
 u - 5 scrolls of silence {!r}
 y - 10 scrolls of blinking {@r4}
 M - 9 scrolls of immolation
 N - 6 scrolls of vulnerability
 T - 8 scrolls of fog {!r}
Potions
 c - 8 potions of magic
 f - 4 potions of enlightenment
 i - 10 potions of lignification {@q6}
 j - 19 potions of curing {@q1 !q}
 m - 4 potions of cancellation
 n - 4 potions of haste {@q4 !q}
 p - 7 potions of might {@q3 !q}
 r - 3 potions of invisibility
 t - 14 potions of heal wounds {@q2 !q}
 v - 5 potions of attraction
 x - 7 potions of mutation
 z - 13 potions of brilliance
 D - a potion of berserk rage
 H - 2 potions of ambrosia
 W - 5 potions of resistance
Miscellaneous
 g - a phantom mirror
   (You found it on level 5 of the Vaults)
 J - a lightning rod (4/4)
   (You found it on level 10 of the Dungeon)
 O - a phial of floods
   (You found it on level 3 of the Swamp)
 R - a condenser vane
   (You found it on level 5 of the Vaults)


   Skills:
 - Level 20.0 Fighting
 - Level 10.0 Throwing
 - Level 6.3 Armour
 + Level 14.4 Dodging
 - Level 4.0 Stealth
 + Level 17.4 Shields
 - Level 20.0 Unarmed Combat
 - Level 20.1 Invocations
 - Level 4.0 Evocations
 - Level 20.0 Shapeshifting


You had 19 spell levels left.
You knew the following spells:

 Your Spells              Type           Power      Damage    Failure   Level
a - Summon Small Mammal   Summ           0%         N/A       54%         1
p - Passwall              Erth           0%         N/A       89%         3
Y - Blink                 Tloc           0%         N/A       69%         2

Your spell library contained the following spells:

 Spells                   Type           Power      Damage    Failure   Level
 Kiss of Death            Conj/Necr      0%         2d5       54%         1
 Magic Dart               Conj           0%         1d3       54%         1
 Necrotise                Necr           0%         1d4       54%         1
 Sandblast                Erth           0%         2d4       54%         1
 Shock                    Conj/Air       0%         1d3       54%         1
 Sting                    Conj/Alch      0%         1d3       54%         1
 Cigotuvi's Dreadful Rot  Necr/Alch/Air  0%         N/A       69%         2
 Ensorcelled Hibernation  Hex/Ice        0%         N/A       69%         2
 Mercury Vapours          Alch/Air       0%         N/A       69%         2
 Searing Ray              Conj           0%         2d4       69%         2
 Call Canine Familiar     Summ           0%         N/A       89%         3
 Confusing Touch          Hex            0%         N/A       89%         3
 Frozen Ramparts          Ice            0%         1d1       89%         3
 Fugue of the Fallen      Necr           0%         N/A       89%         3
 Gell's Gravitas          Tloc           0%         N/A       89%         3
 Ozocubu's Armour         Ice            0%         N/A       89%         3
 Sigil of Binding         Hex            0%         N/A       89%         3
 Stone Arrow              Conj/Erth      0%         3d7       89%         3
 Swiftness                Air            0%         N/A       89%         3
 Teleport Other           Tloc           0%         N/A       89%         3
 Tukima's Dance           Hex            0%         N/A       89%         3
 Vampiric Draining        Necr           0%         2d6       89%         3
 Airstrike                Air            0%         2d(0-16)  100%        4
 Anguish                  Hex/Necr       0%         N/A       100%        4
 Animate Armour           Summ/Erth      0%         N/A       100%        4
 Animate Dead             Necr           0%         N/A       100%        4
 Brom's Barrelling Bould  Conj/Erth      0%         2d3       100%        4
 Cause Fear               Hex            0%         N/A       100%        4
 Dimensional Bullseye     Hex/Tloc       0%         N/A       100%        4
 Dispel Undead            Necr           0%         3d6       100%        4
 Flame Wave               Conj/Fire      0%         2d4       100%        4
 Fulminant Prism          Conj/Alch      0%         3d5       100%        4
 Iskenderun's Mystic Bla  Conj/Tloc      0%         2d3       100%        4
 Leda's Liquefaction      Alch/Erth      0%         N/A       100%        4
 Manifold Assault         Tloc           0%         N/A       100%        4
 Martyr's Knell           Necr/Summ      0%         N/A       100%        4
 Olgreb's Toxic Radiance  Alch           0%         N/A       100%        4
 Passage of Golubria      Tloc           0%         N/A       100%        4
 Petrify                  Alch/Erth      0%         N/A       100%        4
 Sticky Flame             Fire/Alch      0%         2d4       100%        4
 Summon Blazeheart Golem  Fire/Summ      0%         N/A       100%        4
 Alistair's Intoxication  Alch           0%         N/A       100%        5
 Borgnjor's Vile Clutch   Necr/Erth      0%         N/A       100%        5
 Fireball                 Conj/Fire      0%         3d3       100%        5
 Freezing Cloud           Conj/Ice/Air   0%         6-21      100%        5
 Metabolic Englaciation   Hex/Ice        0%         N/A       100%        5
 Summon Mana Viper        Hex/Summ       0%         N/A       100%        5
 Yara's Violent Unravell  Hex/Alch       0%         3d3       100%        5
 Conjure Ball Lightning   Conj/Air       0%         3x3d6     100%        6
 Death Channel            Necr           0%         N/A       100%        6
 Dispersal                Tloc           0%         N/A       100%        6
 Eringya's Noxious Bog    Alch           0%         4d6       100%        6
 Enfeeble                 Hex            0%         N/A       100%        7
 Haunt                    Necr/Summ      0%         N/A       100%        7
 Malign Gateway           Summ/Tloc      0%         N/A       100%        7
 Discord                  Hex            0%         N/A       100%        8
 Disjunction              Tloc           0%         N/A       100%        8
 Infestation              Necr           0%         N/A       100%        8
 Lehudib's Crystal Spear  Conj/Erth      0%         10d2      100%        8
 Chain Lightning          Conj/Air       0%         N/A       100%        9
 Death's Door             Necr           0%         N/A       100%        9
 Dragon's Call            Summ           0%         N/A       100%        9
 Fire Storm               Conj/Fire      0%         5d1       100%        9
 Shatter                  Erth           0%         3d5*      100%        9


Dungeon Overview and Level Annotations

Branches:
Dungeon (15/15)            Temple (0/1) D:5            Lair (5/5) D:9
  Swamp (4/4) Lair:3        Snake (4/4) Lair:2        Slime (0/5) Lair:4
    Orc (2/2) D:10            Elf (3/3) Orc:2        Vaults (5/5) D:14
  Crypt (3/3) Vaults:3       Tomb (0/3) Crypt:3      Depths (4/4) D:15
    Zot (5/5) Depths:4    Desolation (visited)

Altars:
Ashenzari
Dithmenos
Elyvilon
Fedhas
Gozag
Hepliaklqana
Kikubaaqudgha
Nemelex Xobeh
Qazlal
Ru
Sif Muna
Vehumet
Wu Jian
Xom
Yredelemnul
Zin
The Shining One
Ignis
Jiyva

Shops:
D:4 !(*[   D:6 ?   D:7 !*   Orc:2 ?:[   Elf:1 *[**!   Elf:2 :   Snake:2 =:=
Snake:3 *   Vaults:2 ([   Vaults:3 =   Vaults:4 *   Vaults:5 =   Depths:4 (([!

Portals:
Hell: Depths:1 Depths:2 Depths:3 Depths:4
Abyss: Depths:1 Depths:2 Depths:3 Depths:4
Pandemonium: Depths:2
Ziggurat: Depths:2

Annotations:
Elf:2 3 runed translucent doors
Zot:5 1 exclusion


Innate Abilities, Weirdness & Mutations

You are a living statue of rough stone.
Your actions are slow, but your melee attacks are powerful.
You are resistant to unholy torment.
Your maximum health is greatly increased.
Your equipment is partially melded.
You are too large for most types of armour.
You are immune to poison.
You have claws for hands.
Your natural rate of healing is unusually fast.
((You are covered in fur. (AC +1)))
((You have tough skin. (AC +1)))
You have razor-sharp toenails.
Armour fits poorly on your strangely shaped body.
You are frail. (-10% HP)
You have an increased reservoir of magic. (+10% MP)


Message History

You throw a boomerang. The boomerang hits the lorocyproca!
The lorocyproca is moderately wounded.
Throw: 48 boomerangs
Press: ? - help, Q - select action, (/) - cycle Shift-Dir - straight line, f/p - lorocyproca
Aim: a lorocyproca (moderately wounded, slightly transparent, 66% to hit)
You throw a boomerang.
The boomerang closely misses the lorocyproca.
Throw: 48 boomerangs
Press: ? - help, Q - select action, (/) - cycle Shift-Dir - straight line, f/p - lorocyproca
Aim: a lorocyproca (moderately wounded, slightly transparent, 66% to hit)
You throw a boomerang. The boomerang hits the lorocyproca!!
The lorocyproca is severely wounded.
Throw: 48 boomerangs
Press: ? - help, Q - select action, (/) - cycle Shift-Dir - straight line, f/p - lorocyproca
Aim: a lorocyproca (severely wounded, slightly transparent, 66% to hit)
You throw a boomerang. The boomerang hits the lorocyproca.
The lorocyproca is severely wounded.
Throw: 48 boomerangs
Press: ? - help, Q - select action, (/) - cycle Shift-Dir - straight line, f/p - lorocyproca
Aim: a lorocyproca (severely wounded, slightly transparent, 66% to hit)
You throw a boomerang.
The boomerang closely misses the lorocyproca.
You block the lorocyproca's attack.
You closely miss the lorocyproca.
The lorocyproca is severely wounded.
You block the lorocyproca's attack.
You barely miss the lorocyproca.
You claw the lorocyproca, but do no damage.
The lorocyproca is severely wounded.
You block the lorocyproca's attack.
You closely miss the lorocyproca. You claw the lorocyproca!
The lorocyproca is almost dead.
You block the lorocyproca's attack.
You eviscerate the lorocyproca!!!!
You kill the lorocyproca!
You feel your dexterity returning.
No target in view!
(D) Dungeon (T) Temple (L) Lair (S) Swamp (P) Snake Pit (M) Slime Pits (O) Orcish Mines (E) Elven Halls (V) Vaults (C) Crypt (W) Tomb (U) Depths (H) Hell (Z) Zot
Where to? (Tab/Enter - D:1 @ (x,y), ? - help)
Okay, then.
Okay, then.
(D) Dungeon (T) Temple (L) Lair (S) Swamp (P) Snake Pit (M) Slime Pits (O) Orcish Mines (E) Elven Halls (V) Vaults (C) Crypt (W) Tomb (U) Depths (H) Hell (Z) Zot
Where to? (Tab/Enter - D:1 @ (x,y), ? - help) 3 hell hogs come into view.
Unknown command.
The hell hog squeals angrily. x2
You block the hell hog's attack. The hell hog breathes fire at you.
The fireball explodes!
The fireball engulfs you! You resist.
The fireball engulfs the hell hog.
The hell hog completely resists.
You eviscerate the hell hog!!!!
You kill the hell hog!
The hell hog breathes fire at you.
The fireball explodes!
The fireball engulfs you but does no damage.
A blizzard demon comes into view.
The hell hog breathes fire at you.
The fireball explodes!
The fireball engulfs you. You resist.
The fireball engulfs the hell hog.
The hell hog completely resists.
The hell hog breathes fire at you.
The fireball explodes!
The fireball engulfs the hell hog.
The hell hog completely resists.
The fireball engulfs the hell hog.
The hell hog completely resists.
The fireball engulfs you. You resist. You block the hell hog's attack.
You closely miss the hell hog.
You claw the hell hog, but do no damage.
You block the hell hog's attack. x4
You eviscerate the hell hog!!!
You kill the hell hog!
You block the hell hog's attack. The blizzard demon gestures at you.
The freezing blast engulfs you. You resist.
You closely miss the hell hog. You claw the hell hog.
The hell hog is lightly wounded.
You are engulfed in freezing vapours.
You resist.
The hell hog is engulfed in freezing vapours.
The hell hog misses you.
The hell hog is engulfed in freezing vapours.
You block the hell hog's attack.
You eviscerate the hell hog!!!
You kill the hell hog!
You are engulfed in freezing vapours.
You resist.
The blizzard demon waves its arms in wide circles.
The air twists around and strikes you!
You eviscerate the blizzard demon!!! You claw the blizzard demon!!
The blizzard demon is almost dead.
You block the blizzard demon's attack. x2
You mangle the blizzard demon!!
You kill the blizzard demon!
No target in view!
No target in view!
No target in view!
There is a staircase leading out of the dungeon here.
You have escaped!

#.# #..#..........# #.........
#.# ##............# #.........
####.## ##...........# ##........
#.....## #..........## ###.....).
.......###..........# #....####.
........##....#.#.#.## #.##.# ##
........##..##.#.#.#.# #.##.# ##
........#####.#.#.#.## #.##÷# ##.
........# ####.#8#.#.# #.##.###..
........# #...#.#.#.####.........
........###.##.#.#.#........###..
........†)....#.#.#.#.......# #..
........######.#.#.#........###..
..................###............
...............................##
.................#.########.#####
#.....#..........#..#######.#####


There were no monsters in sight!

Vanquished Creatures
  A pandemonium lord (D:6)
  5 dread liches
  3 ancient liches
  6 orbs of fire (Zot:5)
  Frederick (Vaults:2)
  Mara (Snake:4)
  A juggernaut (Depths:4)
  Xtahua (Vaults:2)
  Sojobo (Vaults:2)
  Josephina (Crypt:1)
  Bai Suzhen (Depths:1)
  4 Killer Klowns
  Vashnia (Snake:3)
  Margery (Vaults:3)
  A caustic shrike (Depths:2)
  2 curse toes (Zot:4)
  10 golden dragons
  A bone dragon (Crypt:3)
  2 Tzitzimimeh
  11 tentacled monstrosities
  4 electric golems
  Zenata (Vaults:2)
  Jorgrun (D:13)
  5 liches
  5 quicksilver dragons
  2 deep elf blademasters (Elf:3)
  A walking earthen tome (Depths:4)
  A walking frostbound tome (Depths:4)
  23 Orb Guardians
  2 deep elf master archers (Elf:3)
  10 titans
  A searing wretch (Vaults:3)
  4 sphinxes
  An Executioner (Zot:4)
  Gastronok (Lair:2)
  2 ancient champions
  8 tengu reavers
  Frances (D:14)
  8 death cobs
  Agnes (Vaults:2)
  4 shadow dragons
  14 storm dragons
  Aizul (Snake:4)
  A fenstrider witch (Swamp:1)
  9 protean progenitors
  3 draconian monks
  Roxanne (Snake:4)
  A revenant (Crypt:2)
  2 draconian knights
  11 fire giants
  5 draconian scorchers
  A demonspawn warmonger (D:4)
  3 nagarajas
  An imperial myrmidon (Desolation)
  3 draconian shifters
  5 iron dragons
  10 deep elf sorcerers
  6 frost giants
  5 ghost moths
  10 vault wardens
  Louise (Swamp:3)
  5 deep elf elementalists
  2 angels (Vaults:1)
  23 ironbound preservers
  A quicksilver ooze (Lair:5)
  2 draconian stormcallers
  A broodmother (Zot:5)
  3 draconian annihilators (Zot:1)
  A caustic shrike zombie (Crypt:2)
  An orc warlord (Vaults:4)
  3 spriggan defenders
  6 ghouls
  13 ironbound thunderhulks
  2 curse skulls
  14 stone giants
  The ghost of Henri the Black Belt, a journeyman OpSh of Dithmenos (Lair:3)
  12 vampire knights
  2 green draconians
  A demonspawn corrupter (D:4)
  12 very ugly things
  5 eleionomae
  4 deep elf demonologists
  2 lorocyprocas
  9 black draconians
  9 deep elf annihilators
  4 war gargoyles (Crypt:3)
  9 purple draconians
  2 bunyips (Swamp:3)
  8 dire elephants
  8 spark wasps
  5 yellow draconians
  14 deep elf death magi
  15 red draconians
  A blizzard demon (D:1)
  A white draconian (Zot:1)
  2 green deaths (Swamp:4)
  11 fire dragons
  3 eidola
  3 jiangshi (Crypt:1)
  11 ettins
  5 deep elf high priests
  6 crystal guardians
  3 entropy weavers
  13 yaktaur captains
  8 great orbs of eyes
  4 servants of whispers (Desolation)
  34 vault guards
  9 ice dragons
  4 spriggan zombies
  3 ragged hierophants (Desolation)
  Harold (D:11)
  2 salamander tyrants (Snake:4)
  6 rakshasas
  3 death knights
  3 hell beasts
  9 spriggan air magi
  Erolcha (D:11)
  Fannar (Orc:1)
  4 peacekeepers
  13 hydras
  5 ogre magi
  3 spriggan skeletons
  11 boulder beetles
  12 centaur warriors
  16 anacondas
  2 ghost crabs
  A juggernaut simulacrum (Depths:3)
  7 ironbound frosthearts
  A fenstrider witch skeleton (Crypt:2)
  6 alligators
  3 hell hogs (D:1)
  11 two-headed ogres
  A two-headed ogre (shapeshifter) (Vaults:5)
  23 dancing weapons
  14 naga warriors
  5 deep troll earth magi
  6 vampire magi
  4 death yaks
  4 thrashing horrors (Swamp:4)
  3 deep troll shamans
  9 occultists
  3 orc high priests
  2 titan zombies
  6 tengu warriors
  16 naga sharpshooters
  A storm dragon zombie (Crypt:1)
  11 hell knights
  6 spriggan berserkers
  3 iron trolls
  12 shock serpents
  10 deep elf knights
  7 sun demons
  Nergalle (Lair:1)
  2 titan skeletons
  A bunyip zombie (Crypt:3)
  4 salamander mystics
  5 spectral anacondas (Snake:3)
  28 skeletal warriors
  A golden dragon zombie (Crypt:3)
  5 goliath frogs
  4 spriggan druids
  2 anaconda zombies
  An elf simulacrum (Crypt:1)
  9 mana vipers
  5 flayed ghosts
  58 deep trolls
  A sea snake (shapeshifter) (Vaults:5)
  2 glowing orange brains
  9 swamp dragons
  An arcanist (Depths:1)
  11 bog bodies
  A glowing orange brain (shapeshifter) (Vaults:1)
  An orange crystal statue (Zot:3)
  A spriggan simulacrum (Crypt:1)
  6 naga ritualists
  13 lindwurms
  A shadow demon (D:4)
  19 deep elf zephyrmancers
  An iron giant skeleton (Crypt:2)
  6 deep elf archers
  4 anaconda skeletons
  An obsidian statue (Zot:3)
  5 oklob plants (Zot:3)
  6 harpies
  A golden dragon skeleton (Crypt:1)
  36 deep elf pyromancers
  2 wolf spiders
  17 ironbound convokers
  14 necromancers
  2 large abominations (Zot:4)
  A shadow dragon zombie (Depths:3)
  6 orc knights
  2 lightning spires (Zot:3)
  11 phantasmal warriors
  38 ugly things
  10 orc sorcerers
  A shadow dragon skeleton (Vaults:3)
  A frost giant zombie (Depths:3)
  9 cyclopes
  Maurice (D:7)
  An alligator skeleton (Crypt:1)
  25 moths of wrath
  13 salamanders
  8 elephants
  3 manticores
  A shining eye (Depths:1)
  10 guardian serpents
  2 stone giant skeletons
  A meliai (D:8)
  A fire giant skeleton (Crypt:2)
  41 black mambas
  An iron dragon skeleton (Crypt:2)
  An eye of devastation (Depths:1)
  A black mamba (shapeshifter) (Elf:3)
  4 kobold blastminers
  An eye of devastation (shapeshifter) (Vaults:5)
  3 gargoyles
  21 naga magi
  Joseph (D:7)
  3 torpor snails
  18 vault sentinels
  2 molten gargoyles (Lair:5)
  A shock serpent skeleton (Crypt:1)
  10 cane toads
  An unseen horror (D:12)
  11 komodo dragons
  3 orange demons (Swamp:4)
  4 dire elephant skeletons
  2 efreet
  4 freezing wraiths
  A rime drake (Lair:1)
  12 yaktaurs
  5 tengu conjurers
  2 elf skeletons (Vaults:3)
  9 anaconda simulacra
  An alligator snapping turtle skeleton (Crypt:2)
  A purple draconian skeleton (Crypt:1)
  A grey draconian skeleton (Crypt:2)
  2 harpy zombies (Crypt:3)
  10 trolls
  A red devil (Depths:4)
  3 hellwings
  13 tyrant leeches
  3 polar bears
  36 saltlings (Desolation)
  A harpy skeleton (Crypt:2)
  15 hornets
  20 blink frogs
  5 dream sheep (Lair:4)
  A dream sheep (shapeshifter) (Depths:1)
  4 human skeletons (Vaults:3)
  A fire dragon zombie (Crypt:3)
  2 glass eyes (Depths:2)
  An ettin zombie (Crypt:1)
  10 shadows
  38 slime creatures
  2 centaur simulacra
  A culicivora (shapeshifter) (Vaults:5)
  An ettin skeleton (Vaults:3)
  A naga simulacrum (Crypt:1)
  15 spriggans
  7 vampires
  3 air elementals
  3 water elementals
  44 yaks
  A small abomination (Swamp:4)
  3 fire elementals
  5 wraiths
  10 wyverns
  2 hogs (D:7)
  6 redbacks
  3 wargs
  6 vampire mosquitoes
  16 basilisks
  Menkaure (D:7)
  3 steam dragons
  A water nymph zombie (Crypt:2)
  A harpy simulacrum (Crypt:1)
  12 swamp worms
  An entropy weaver zombie (Crypt:1)
  A deep troll zombie (Crypt:1)
  9 water moccasins
  2 acid dragons
  A naga skeleton (Crypt:1)
  48 nagas
  2 glowing shapeshifter zombies (Vaults:4)
  5 hell hounds
  An ogre skeleton (Vaults:3)
  30 orc warriors
  2 ice beasts
  A sky beast (D:6)
  An ettin simulacrum (Crypt:2)
  2 swamp drakes (Swamp:1)
  8 black bears
  3 boggarts
  29 laughing skulls
  8 ogres
  13 wolves
  21 centaurs
  A gnoll sergeant (D:5)
  A rime drake skeleton (Crypt:1)
  2 earth elementals (Elf:2)
  7 kobold brigands
  A wyvern zombie (Crypt:2)
  12 bullfrogs
  8 necrophages
  A scorpion (D:5)
  9 wights
  11 killer bees
  2 human simulacra (Vaults:4)
  6 electric eels
  15 howler monkeys
  A troll skeleton (Crypt:1)
  5 lava snakes (Lair:5)
  A bombardier beetle (D:5)
  2 hounds
  11 jellies
  10 orc priests
  Terence (D:2)
  3 iguanas
  42 orc wizards
  2 sleepcaps
  Robin (D:2)
  10 adders
  9 gnolls
  A shadow imp (D:6)
  A white imp (D:5)
  3 dart slugs
  3 ribbon worms
  105 orcs
  8 endoplasms
  6 giant cockroaches
  14 goblins
  8 hobgoblins
  7 jackals (D:2)
  27 kobolds
  A quokka (D:1)
  4 ball pythons
  3 bats
  3 frilled lizards
  2 quokka zombies (Crypt:1)
  4 rats
  A spectral kobold (D:1)
  2 aspiring fleshes
2296 creatures vanquished.

Vanquished Creatures (collateral kills)
  An imperial myrmidon (Desolation)
  A halazid warlock (Desolation)
  A servant of whispers (Desolation)
  A guardian serpent (Desolation)
  A molten gargoyle (Desolation)
  3 yaktaurs (Vaults:4)
  3 saltlings (Desolation)
11 creatures vanquished.

Vanquished Creatures (others)
  A spark wasp (Depths:3)
  A deep elf zephyrmancer (Elf:1)
  An ugly thing (Swamp:1)
  A bloated husk (Swamp:1)
  2 orc wizards (Orc:2)
  3 orcs
9 creatures vanquished.

Grand Total: 2316 creatures vanquished

Notes
Turn   | Place    | Note
-------+----------+-------------------------------------------
     0 | D:1      | EnegeticOcto the Troll Monk began the quest for the Orb.
     0 | D:1      | Reached XP level 1. HP: 22/22 MP: 0/0
    76 | D:1      | Found a faded altar of an unknown god.
    85 | D:1      | Prayed at the altar of an unknown god.
    85 | D:1      | Became a worshipper of Ignis, the Dying Flame
    85 | D:1      | Reached ****** piety under Ignis
   134 | D:1      | Reached XP level 2. HP: 28/29 MP: 1/1
   551 | D:2      | Noticed Terence
   557 | D:2      | Killed Terence
   558 | D:2      | Reached XP level 3. HP: 36/36 MP: 2/2
   744 | D:2      | Reached skill level 4 in Unarmed Combat
   843 | D:2      | Reached XP level 4. HP: 44/44 MP: 3/3
   958 | D:2      | Noticed Robin
   965 | D:2      | Reached skill level 3 in Dodging
   973 | D:2      | Reached skill level 3 in Fighting
   982 | D:2      | Killed Robin
  1368 | D:3      | Found a sacrificial altar of Ru.
  1904 | D:4      | Reached XP level 5. HP: 35/53 MP: 4/4
  2182 | D:4      | Reached skill level 5 in Unarmed Combat
  2330 | D:4      | Reached XP level 6. HP: 59/61 MP: 5/5
  2335 | D:4      | Found Ofiefeur's Armour Boutique.
  2409 | D:4      | Found Hete's Antique Weapon Emporium.
  2478 | D:4      | Found Archaib's Distillery.
  2505 | D:4      | Bought a potion of curing for 42 gold pieces
  2505 | D:4      | Bought a potion of berserk rage for 70 gold pieces
  2515 | D:4      | Found Qyequkeh's Assorted Antiques.
  2615 | D:4      | Found a stormy altar of Qazlal.
  2681 | D:4      | Found a glowing golden altar of the Shining One.
  3020 | D:4      | Bought a scroll labelled IZAX TUASARGH for 32 gold pieces
  3030 | D:5      | Entered Level 5 of the Dungeon
  3100 | D:5      | Noticed an ice beast
  3103 | D:5      | Reached skill level 6 in Unarmed Combat
  3116 | D:4      | Killed an ice beast
  3117 | D:4      | Reached skill level 4 in Fighting
  3117 | D:4      | Reached XP level 7. HP: 12/70 MP: 6/6
  3327 | D:5      | Reached skill level 1 in Throwing
  3422 | D:5      | Noticed a wyvern
  3435 | D:5      | Killed a wyvern
  3436 | D:5      | Reached skill level 2 in Throwing
  3436 | D:5      | Reached skill level 7 in Unarmed Combat
  3443 | D:5      | Found a staircase to the Ecumenical Temple.
  3500 | D:5      | Reached XP level 8. HP: 73/79 MP: 7/7
  3698 | D:4      | Bought an amethyst potion for 28 gold pieces
  3698 | D:4      | Bought a brown potion for 28 gold pieces
  4046 | D:6      | Reached skill level 1 in Shields
  4050 | D:6      | Reached skill level 1 in Evocations
  4081 | D:6      | Reached skill level 3 in Throwing
  4130 | D:6      | Found Danesoats's Magic Scroll Shop.
  4141 | D:6      | Bought a scroll of identify for 24 gold pieces
  4141 | D:6      | Identified a scroll of acquirement
  4142 | D:6      | Acquired 1008 gold pieces
  4144 | D:6      | Bought a scroll of blinking for 90 gold pieces
  4144 | D:6      | Bought a scroll of noise for 12 gold pieces
  4144 | D:6      | Bought a scroll of fear for 48 gold pieces
  4144 | D:6      | Bought a scroll of enchant armour for 90 gold pieces
  4238 | D:4      | Bought a long brass wand for 128 gold pieces
  4238 | D:4      | Bought a scroll of identify for 64 gold pieces
  4238 | D:4      | Bought a scroll of identify for 64 gold pieces
  4257 | D:4      | Bought a potion of might for 56 gold pieces
  4257 | D:4      | Bought a potion of enlightenment for 70 gold pieces
  4330 | D:6      | Reached skill level 8 in Unarmed Combat
  4424 | D:6      | Reached skill level 5 in Fighting
  4424 | D:6      | Reached skill level 2 in Shields
  4594 | D:6      | Identified the +1 robe "Zuiliq" {Rampage}
  4719 | D:6      | Reached XP level 9. HP: 87/88 MP: 8/8
  4870 | D:6      | Reached skill level 2 in Evocations
  5147 | D:7      | Noticed Maurice
  5199 | D:7      | Identified the +6 war axe of the Chain {drain, Str+2}
  5236 | D:7      | Killed Maurice
  5237 | D:7      | Reached skill level 4 in Dodging
  5264 | D:7      | Reached skill level 4 in Throwing
  5264 | D:7      | Reached skill level 3 in Shields
  5294 | D:7      | Reached skill level 9 in Unarmed Combat
  5407 | D:7      | Noticed Joseph
  5416 | D:7      | Killed Joseph
  5429 | D:7      | Reached skill level 6 in Fighting
  5518 | D:7      | Reached skill level 4 in Shields
  5545 | D:7      | Found Moshex's Distillery.
  5550 | D:7      | Bought a potion of heal wounds for 65 gold pieces
  5550 | D:7      | Bought a potion of heal wounds for 65 gold pieces
  5550 | D:7      | Bought a potion of attraction for 39 gold pieces
  5603 | D:4      | Bought a potion of berserk rage for 70 gold pieces
  5662 | D:7      | Noticed Menkaure
  5665 | D:7      | Killed Menkaure
  5688 | D:7      | Found a sparkling altar of Nemelex Xobeh.
  5770 | D:7      | Found a runed translucent gate.
  5797 | D:7      | Found Zin's Purification Station.
  5806 | D:7      | Reached skill level 10 in Unarmed Combat
  5807 | D:7      | Found a glowing silver altar of Zin.
  6005 | D:7      | Found a runed translucent gate.
  6005 | D:7      | Found a runed translucent gate.
  6005 | D:7      | Noticed a polar bear
  6005 | D:7      | Noticed a polar bear
  6163 | D:8      | Reached XP level 10. HP: 89/98 MP: 9/9
  6277 | D:8      | Noticed a two-headed ogre
  6292 | D:8      | Killed a two-headed ogre
  6472 | D:8      | Noticed a cyclops
  6482 | D:8      | Killed a cyclops
  6483 | D:8      | Reached skill level 5 in Shields
  6496 | D:8      | Noticed a cyclops
  6496 | D:8      | Noticed a meliai
  6511 | D:8      | Killed a meliai
  6512 | D:8      | Reached skill level 11 in Unarmed Combat
  6532 | D:8      | Killed a cyclops
  6533 | D:8      | Reached skill level 7 in Fighting
  6737 | D:8      | Found a shimmering blue altar of Sif Muna.
  7145 | D:7      | Bought 2 potions of mutation for 208 gold pieces
  7194 | D:9      | Found a staircase to the Lair.
  7222 | D:9      | Noticed a boulder beetle
  7239 | D:9      | Killed a boulder beetle
  7240 | D:9      | Reached skill level 12 in Unarmed Combat
  7407 | D:9      | Found a basalt altar of Yredelemnul.
  7613 | D:9      | Found a blossoming altar of Fedhas.
  7651 | D:9      | Reached XP level 11. HP: 106/109 MP: 10/10
  7897 | D:10     | Entered Level 10 of the Dungeon
  7929 | D:10     | Noticed a boulder beetle
  7936 | D:10     | Noticed a two-headed ogre
  7945 | D:10     | Killed a boulder beetle
  8007 | D:9      | Reached skill level 8 in Fighting
  8032 | D:10     | Identified the +10 war axe of Nisim {drain, ^Drain rN+ SInv
                  | Stlth+}
  8068 | D:10     | Reached skill level 13 in Unarmed Combat
  8098 | D:10     | Found a hazy altar of Hepliaklqana.
  8127 | D:10     | Noticed a two-headed ogre
  8177 | D:10     | Killed a two-headed ogre
  8203 | D:10     | Noticed a two-headed ogre
  8213 | D:10     | Killed a two-headed ogre
  8286 | D:10     | Found the +6 shillelagh "Devastator" {shatter}
  8576 | D:10     | Killed a two-headed ogre
  8617 | D:10     | Found an ornate altar of the Wu Jian Council.
  8742 | D:10     | Found a shadowy altar of Dithmenos.
  8866 | D:10     | Reached skill level 14 in Unarmed Combat
  9185 | D:10     | Noticed a two-headed ogre
  9206 | D:10     | Killed a two-headed ogre
  9207 | D:10     | Reached skill level 9 in Fighting
  9259 | D:10     | Noticed a two-headed ogre
  9308 | D:10     | Killed a two-headed ogre
  9313 | D:10     | Reached XP level 12. HP: 114/123 MP: 11/11
  9729 | D:10     | Found a staircase to the Orcish Mines.
  9887 | D:10     | Found a broken altar of Ashenzari.
 10157 | D:10     | Noticed a rakshasa
 10399 | D:10     | Killed a rakshasa
 10400 | D:10     | Reached skill level 15 in Unarmed Combat
 10431 | D:10     | Noticed a rakshasa
 10448 | D:10     | Killed a rakshasa
 10726 | D:10     | Found a shadowy altar of Dithmenos.
 10855 | Lair:1   | Entered Level 1 of the Lair of Beasts
 10974 | Lair:1   | Noticed Nergalle
 10984 | Lair:1   | Killed Nergalle
 10985 | Lair:1   | Reached skill level 1 in Armour
 11295 | Lair:1   | Reached skill level 2 in Armour
 11527 | Lair:1   | Identified the +7 trident "Sarcophage" {flame, Str+4 Int+4}
 11801 | Lair:2   | Reached skill level 1 in Stealth
 11824 | Lair:2   | Reached skill level 10 in Fighting
 11996 | Lair:2   | Reached skill level 5 in Dodging
 11996 | Lair:2   | Reached skill level 6 in Shields
 12083 | Lair:2   | Noticed Gastronok
 12185 | Lair:2   | Killed Gastronok
 12186 | Lair:2   | Reached skill level 3 in Armour
 12393 | Lair:2   | Found a staircase to the Snake Pit.
 12441 | Lair:2   | Noticed a boulder beetle
 12455 | Lair:2   | Killed a boulder beetle
 12456 | Lair:2   | Reached XP level 13. HP: 125/133 MP: 12/12
 12494 | Lair:2   | Identified the +7 quarterstaff of Midsummer {elec, rN+
                  | Str+3 Int-5}
 12730 | Lair:2   | Reached skill level 2 in Stealth
 13276 | Lair:3   | Found a transporter.
 13277 | Lair:3   | Found a transporter.
 13279 | Lair:3   | Noticed Henri's ghost (journeyman OpSh)
 13550 | Lair:3   | Reached skill level 4 in Armour
 13995 | Lair:3   | Reached skill level 6 in Dodging
 13995 | Lair:3   | Reached skill level 7 in Shields
 14481 | Lair:3   | Reached skill level 3 in Stealth
 14633 | Lair:3   | Found a staircase to the Swamp.
 14861 | Lair:4   | Found a staircase to the Slime Pits.
 14869 | Lair:4   | Found a viscous altar of Jiyva.
 15093 | Lair:4   | Found a transporter.
 15095 | Lair:4   | Found a transporter.
 15178 | Lair:4   | Reached skill level 11 in Fighting
 15553 | Lair:5   | Entered Level 5 of the Lair of Beasts
 15574 | Lair:5   | Reached skill level 8 in Shields
 15577 | Lair:5   | Reached skill level 7 in Dodging
 15673 | Lair:5   | Noticed a quicksilver ooze
 15701 | Lair:5   | Reached XP level 14. HP: 138/146 MP: 13/13
 15839 | Lair:5   | Reached skill level 4 in Stealth
 17011 | Lair:5   | Found a large runed translucent door.
 17012 | Lair:5   | Found a large runed translucent door.
 18834 | Lair:5   | Killed a quicksilver ooze
 19335 | D:11     | Noticed Harold
 19368 | D:11     | Identified the amulet "Nuihiz" {RegenMP ^Fragile rC+ Int+4
                  | SInv}
 19520 | D:11     | Noticed Erolcha
 19912 | D:11     | Killed Erolcha
 19913 | D:11     | Reached skill level 3 in Evocations
 19973 | D:11     | Found an ancient bone altar of Kikubaaqudgha.
 19995 | D:11     | You fall into a shaft and drop 3 floors!
 20360 | D:14     | Reached skill level 5 in Throwing
 20468 | D:14     | Reached skill level 9 in Shields
 20699 | D:14     | Reached skill level 8 in Dodging
 21102 | D:12     | Acquired a manual of Unarmed Combat
 21558 | D:12     | Reached skill level 4 in Evocations
 21713 | D:11     | Killed Harold
 22142 | D:12     | Reached skill level 12 in Fighting
 22151 | D:12     | Reached skill level 6 in Throwing
 22217 | D:12     | Found a glowing silver altar of Zin.
 22530 | Orc:1    | Entered Level 1 of the Orcish Mines
 22641 | Orc:1    | Reached XP level 15. HP: 138/155 MP: 14/14
 22671 | Orc:2    | Entered Level 2 of the Orcish Mines
 23069 | Orc:2    | Found a staircase to the Elven Halls.
 23085 | Orc:2    | Reached skill level 16 in Unarmed Combat
 23334 | Orc:1    | Noticed Fannar
 23346 | Orc:1    | Killed Fannar
 24003 | Orc:2    | Reached skill level 7 in Throwing
 24035 | Orc:2    | Found Acerchineemo's Book Shop.
 24071 | Orc:2    | Found a radiant altar of Vehumet.
 24328 | Orc:2    | Found an ancient bone altar of Kikubaaqudgha.
 24508 | Orc:2    | Found Pus Cyh's Antique Armour Boutique.
 24520 | Orc:2    | Found Waotroc's Magic Scroll Boutique.
 24521 | Orc:2    | Found Jaceesamie's Distillery.
 24554 | Orc:2    | Bought a scroll of blinking for 112 gold pieces
 24554 | Orc:2    | Bought a scroll of immolation for 60 gold pieces
 24554 | Orc:2    | Bought a scroll of blinking for 112 gold pieces
 24554 | Orc:2    | Bought a scroll of fog for 60 gold pieces
 24904 | D:4      | Bought the +1 pearl dragon scales "Jycus" {rPois rC- rN+
                  | Will+ Dex+2} for 1130 gold pieces
 25379 | D:13     | Noticed Jorgrun
 25396 | D:13     | Killed Jorgrun
 25679 | D:14     | Reached skill level 17 in Unarmed Combat
 25766 | D:14     | Noticed Frances
 25772 | D:14     | Killed Frances
 25773 | D:14     | Reached skill level 8 in Throwing
 25777 | D:14     | Found a gate to the Vaults.
 26095 | D:15     | Entered Level 15 of the Dungeon
 26122 | D:15     | Reached skill level 5 in Armour
 26399 | D:15     | Found a staircase to the Depths.
 26409 | D:15     | Reached skill level 13 in Fighting
 27090 | Snake:1  | Entered Level 1 of the Snake Pit
 27276 | Snake:1  | Reached skill level 18 in Unarmed Combat
 27691 | Snake:1  | Reached skill level 6 in Armour
 27788 | Snake:1  | Found a shimmering altar of Xom.
 28110 | Snake:2  | Noticed a nagaraja
 28117 | Snake:2  | Noticed a nagaraja
 28200 | Snake:1  | Reached XP level 16. HP: 157/169 MP: 15/15
 28442 | Snake:2  | Found Vexa's Jewellery Boutique.
 28442 | Snake:2  | Found Qismaucw's Book Emporium.
 28443 | Snake:2  | Found Ehafika's Jewellery Boutique.
 28471 | Snake:2  | Identified the +12 tower shield of Honour {rN+}
 29187 | Orc:2    | Bought a runed scarf for 304 gold pieces
 29656 | Snake:3  | Noticed Vashnia
 29685 | Snake:3  | Reached skill level 10 in Shields
 29702 | Snake:3  | Killed Vashnia
 29725 | Snake:3  | Reached skill level 9 in Throwing
 29903 | Snake:3  | Reached skill level 19 in Unarmed Combat
 30035 | Snake:3  | Found Kaponnee's General Store.
 30564 | Snake:3  | Reached skill level 11 in Shields
 30601 | Snake:3  | Reached XP level 17. HP: 145/179 MP: 16/16
 30894 | Snake:4  | Entered Level 4 of the Snake Pit
 30967 | Snake:4  | Identified the blade talisman of Vanity {rPois Int+5}
 31212 | Snake:4  | Noticed Mara
 31227 | Snake:4  | Killed Mara
 31381 | Snake:4  | Reached skill level 10 in Throwing
 31381 | Snake:4  | Noticed Roxanne
 31395 | Snake:4  | Reached skill level 14 in Fighting
 31444 | Snake:4  | Killed Roxanne
 31445 | Snake:4  | Reached skill level 1 in Shapeshifting
 31508 | Snake:4  | Reached skill level 2 in Shapeshifting
 31899 | Snake:4  | Identified the serpent talisman of Yseasysu {+Blink rF+++
                  | rCorr Stlth-}
 31899 | Snake:4  | Noticed Aizul
 31918 | Snake:4  | Killed Aizul
 31919 | Snake:4  | Reached skill level 3 in Shapeshifting
 32034 | Snake:4  | Reached skill level 4 in Shapeshifting
 32452 | Snake:4  | Reached skill level 5 in Shapeshifting
 32497 | Snake:4  | Reached skill level 6 in Shapeshifting
 32880 | Snake:4  | Reached skill level 7 in Shapeshifting
 33575 | Snake:4  | Got a serpentine rune of Zot
 33844 | Swamp:1  | Entered Level 1 of the Swamp
 33853 | Swamp:1  | Acquired a manual of Fighting
 33868 | Swamp:1  | Reached skill level 8 in Shapeshifting
 34086 | Swamp:1  | Found a glacial archway.
 34256 | Swamp:1  | Reached skill level 9 in Shapeshifting
 34462 | Swamp:1  | Reached XP level 18. HP: 180/189 MP: 17/17
 34910 | Swamp:2  | Identified the +1 chain mail "Qoqoibbi" {Regen+ MP+9 Int+3
                  | Dex-3}
 35028 | Swamp:2  | Reached skill level 10 in Shapeshifting
 35620 | Swamp:3  | Noticed Louise
 35653 | Swamp:3  | Killed Louise
 35891 | Swamp:4  | Entered Level 4 of the Swamp
 35961 | Swamp:4  | Reached skill level 11 in Shapeshifting
 36613 | Swamp:4  | Reached skill level 12 in Shapeshifting
 37147 | Swamp:4  | Got a decaying rune of Zot
 37161 | Swamp:4  | Got the Commentary on Variable Accomplices
 37679 | Snake:2  | Bought a ring of willpower for 375 gold pieces
 37863 | Vaults:1 | Entered Level 1 of the Vaults
 37891 | Vaults:1 | Reached skill level 13 in Shapeshifting
 38131 | Vaults:1 | Found a white marble altar of Elyvilon.
 38131 | Vaults:1 | Found a crumbling gateway.
 38131 | Vaults:1 | Found a glowing silver altar of Zin.
 38159 | Vaults:1 | Found a glowing golden altar of the Shining One.
 38172 | Desolati | Entered the Desolation of Salt
 38196 | Desolati | Reached skill level 14 in Shapeshifting
 38215 | Desolati | Identified the +2 robe "Vovaung" {rElec rCorr Int-2 Dex-2}
 38351 | Desolati | Identified the ring of Waohiub {*Corrode rF+ rN+ Will+
                  | SInv}
 38552 | Desolati | Reached skill level 12 in Shields
 38679 | Desolati | Reached XP level 19. HP: 197/197 MP: 18/18
 38891 | Desolati | Identified the +6 orcbow of the Rescuing Viper {freeze, rF+
                  | Str+3 Int-4 Dex+2}
 38891 | Desolati | Identified the ring "Ahesiqih" {rPois Int+3 SInv}
 39145 | Desolati | Got Hauqosua's Enchiridion on Harmful Superposition
 39153 | Desolati | Learned a level 1 spell: Summon Small Mammal
 39156 | Desolati | Learned a level 2 spell: Blink
 39160 | Desolati | Learned a level 3 spell: Passwall
 39254 | Desolati | Identified the ring "Kuwon" {rElec rPois Will- Str-2 Int+6}
 39258 | Desolati | Identified the +1 flail of Faqoig {heavy, rN+}
 40626 | Vaults:1 | Reached skill level 15 in Fighting
 40942 | Elf:1    | Entered Level 1 of the Elven Halls
 40988 | Elf:1    | Reached skill level 15 in Shapeshifting
 41221 | Elf:1    | Found Tuuri's Assorted Antiques.
 41369 | Elf:1    | Reached skill level 13 in Shields
 41401 | Elf:1    | Found Puloxye's Distillery.
 41403 | Elf:1    | Found Atuas's Assorted Antiques.
 41403 | Elf:1    | Paralysed by an air elemental for 1 turns
 41411 | Elf:1    | Bought a potion of heal wounds for 55 gold pieces
 41411 | Elf:1    | Bought a potion of heal wounds for 55 gold pieces
 41417 | Elf:1    | Bought a potion of heal wounds for 175 gold pieces
 41417 | Elf:1    | Bought a scroll of teleportation for 105 gold pieces
 41417 | Elf:1    | Bought a scroll of teleportation for 105 gold pieces
 41451 | Elf:1    | Found Xuineceh's Assorted Antiques.
 41543 | Elf:1    | Found Jarotem's Armour Shoppe.
 42086 | Elf:2    | Identified the ring of Nuomej {Fire rN+ Stlth+}
 42209 | Elf:2    | Reached skill level 16 in Fighting
 42291 | Elf:2    | Found Peape's Book Shop.
 42444 | Elf:2    | Found a runed translucent gate.
 42445 | Elf:2    | Found a runed translucent gate.
 42445 | Elf:2    | Found a runed translucent gate.
 42700 | Elf:3    | Entered Level 3 of the Elven Halls
 43075 | Elf:3    | Reached XP level 20. HP: 215/215 MP: 19/19
 43840 | Elf:3    | Identified the +1 plate armour of Texkyhum {Harm rF++ rC-
                  | Int+2}
 43857 | Elf:3    | Identified the ring of Amelioration {Will+ Int+6}
 44111 | Elf:3    | Identified the +8 halberd of Sloth {holy, rN+}
 44168 | Elf:3    | Reached skill level 16 in Shapeshifting
 44516 | Elf:3    | Reached skill level 14 in Shields
 44565 | Elf:3    | Reached skill level 17 in Fighting
 44930 | Elf:3    | Identified the +11 whip of the Devouring Salmon {elec,
                  | Str+4}
 46499 | Elf:3    | Got the Meditations on Guile
 46514 | Elf:3    | Identified the +2 dagger of Vengeance {drain, rElec rC+
                  | Str+2 Dex-2}
 46515 | Elf:3    | Identified the +0 robe of the Shoals {Str+4}
 46519 | Elf:3    | Got the Atlas of Cobwebs
 47158 | Vaults:2 | Noticed Xtahua
 47173 | Vaults:2 | Killed Xtahua
 47212 | Vaults:2 | Noticed Margery
 47238 | Vaults:2 | Noticed Zenata
 47474 | Vaults:3 | Found a staircase to the Crypt.
 48179 | Vaults:3 | Found Asuk's Jewellery Shoppe.
 48285 | Vaults:4 | Reached XP level 21. HP: 228/228 MP: 20/20
 48288 | Vaults:4 | Reached skill level 15 in Shields
 48301 | Vaults:4 | Reached skill level 18 in Fighting
 48368 | Vaults:4 | Reached skill level 17 in Shapeshifting
 48541 | Vaults:4 | Acquired the +0 hat of the Iron City of Dis {+Blink rC++
                  | Regen+ Stlth+}
 48621 | Vaults:4 | Found Uxiobu's General Store.
 48625 | Vaults:4 | Bought a scroll of fog for 84 gold pieces
 48625 | Vaults:4 | Bought a potion of heal wounds for 105 gold pieces
 48625 | Vaults:4 | Bought a wand of acid (5) for 441 gold pieces
 49590 | Vaults:3 | Killed Margery
 49591 | Vaults:3 | Reached skill level 20 in Unarmed Combat
 49669 | Vaults:2 | Found Cukh's Armour Shoppe.
 49878 | Vaults:2 | Killed Zenata
 49891 | Vaults:2 | Noticed Agnes
 49896 | Vaults:2 | Killed Agnes
 49929 | Vaults:2 | Identified the orb "Usicur" {light, rElec rF+ Dex-4 Earth}
 49929 | Vaults:2 | Noticed Frederick
 50295 | Vaults:2 | Killed Frederick
 50327 | Vaults:2 | Noticed Sojobo
 50343 | Vaults:2 | Killed Sojobo
 50456 | Vaults:2 | Found Demanat's Antique Weapon Shop.
 50661 | Depths:1 | Entered Level 1 of the Depths
 51393 | Depths:1 | Found a one-way gate to the infinite horrors of the Abyss.
 51459 | Depths:1 | Reached skill level 16 in Shields
 51592 | Depths:1 | Noticed Bai Suzhen
 51600 | Depths:1 | Killed Bai Suzhen
 51805 | Depths:1 | Gained mutation: You are clumsy. (Dex -2) [a shining eye]
 51812 | Depths:1 | Found a gateway to Hell.
 51904 | Depths:1 | Found a runed translucent door.
 52154 | Depths:1 | Reached skill level 18 in Shapeshifting
 52358 | Depths:1 | Identified the +2 sling of Woe {drain, rElec rN+ Int+3}
 52358 | Depths:1 | Identified the +0 plate armour "Ilori" {rElec rN+}
 52689 | Lair:3   | Killed Henri's ghost
 52808 | Lair:4   | Reached XP level 22. HP: 241/241 MP: 21/21
 53101 | Crypt:1  | Entered Level 1 of the Crypt
 53148 | Crypt:1  | Reached skill level 19 in Fighting
 53148 | Crypt:1  | Reached skill level 1 in Invocations
 53402 | Crypt:1  | Reached skill level 2 in Invocations
 53418 | Crypt:1  | Identified the ring of Huhi {Ice Dex+6}
 53418 | Crypt:1  | Noticed Josephina
 53428 | Crypt:1  | Killed Josephina
 53645 | Crypt:1  | Reached skill level 3 in Invocations
 54350 | Crypt:2  | Reached skill level 4 in Invocations
 54646 | Crypt:2  | Found an ancient bone altar of Kikubaaqudgha.
 54875 | Crypt:3  | Entered Level 3 of the Crypt
 54911 | Crypt:3  | Reached skill level 5 in Invocations
 55236 | Crypt:3  | Found an ancient bone altar of Kikubaaqudgha.
 55236 | Crypt:3  | Noticed an ancient lich
 55241 | Crypt:3  | Killed an ancient lich
 55280 | Crypt:3  | Identified the +9 dagger of Haidy {flame, rCorr}
 55282 | Crypt:3  | Identified the amulet "Xoesaw" {rElec Regen+ rCorr Str+8
                  | Dex-4}
 55282 | Crypt:3  | Identified the ring of the Six Invaders {rPois rC+ rN+
                  | Str+3}
 55282 | Crypt:3  | Identified the ring "Fyfet" {rN+ Will+}
 55284 | Crypt:3  | Got the Notes on Zombies
 55326 | Crypt:3  | Reached skill level 6 in Invocations
 55362 | Crypt:3  | Reached skill level 19 in Shapeshifting
 55558 | Crypt:3  | Found a staircase to the Tomb.
 55578 | Crypt:3  | Identified the +2 halberd of the Brewing Coward {antimagic,
                  | *Noise Will- Str+5 Int+2}
 56442 | Depths:2 | Found a one-way gate leading to the halls of Pandemonium.
 56520 | Depths:2 | Found a white marble altar of Elyvilon.
 56583 | Depths:2 | Noticed a golden dragon
 56589 | Depths:2 | Killed a golden dragon
 56601 | Depths:2 | Reached skill level 7 in Invocations
 56612 | Depths:2 | Reached XP level 23. HP: 254/254 MP: 27/27
 56647 | Depths:2 | Identified the ring of Zutain {rElec rPois rN+ Will- Dex+4}
 56655 | Depths:2 | Reached skill level 20 in Fighting
 56740 | Depths:2 | Found a one-way gateway to a ziggurat.
 56749 | Depths:2 | Noticed a caustic shrike
 56765 | Depths:2 | Killed a caustic shrike
 56781 | Depths:2 | Reached skill level 8 in Invocations
 57717 | Depths:3 | Reached skill level 9 in Invocations
 57988 | Depths:3 | Reached skill level 20 in Shapeshifting
 58160 | Depths:3 | Reached skill level 10 in Invocations
 58554 | Depths:3 | Noticed a dread lich
 58556 | Depths:3 | Noticed a dread lich
 58570 | Depths:3 | Killed a dread lich
 58572 | Depths:3 | Gained mutation: You have hidden genetic defects. [a
                  | cacodemon]
 58573 | Depths:3 | Killed a dread lich
 58596 | Depths:3 | Lost mutation: You are clumsy. (Dex -2) [potion of
                  | mutation]
 58596 | Depths:3 | Lost mutation: You have hidden genetic defects. [potion of
                  | mutation]
 58596 | Depths:3 | Gained mutation: You sometimes lose your temper in combat.
                  | [potion of mutation]
 58597 | Depths:3 | Lost mutation: You sometimes lose your temper in combat.
                  | [potion of mutation]
 58597 | Depths:3 | Gained mutation: You have sharp toenails. [potion of
                  | mutation]
 58597 | Depths:3 | Gained mutation: You are robust. (+10% HP) [potion of
                  | mutation]
 58597 | Depths:3 | Gained mutation: You have razor-sharp toenails. [potion of
                  | mutation]
 58608 | Depths:3 | Identified the +11 arbalest of Bamoup {drain, Str+3}
 58611 | Depths:3 | Found a candlelit altar of Ignis.
 58623 | Depths:3 | Identified the +4 great mace of the Stopping Gods {protect,
                  | rC+ Stlth+}
 58854 | Depths:3 | Identified the +0 fire dragon scales "Noeluim" {rF++ rC-
                  | Slay+2}
 58880 | Depths:4 | Entered Level 4 of the Depths
 58897 | Depths:4 | Reached skill level 11 in Invocations
 58961 | Depths:4 | Reached skill level 9 in Dodging
 59181 | Depths:4 | Found Qosh's Antique Weapon Shop.
 59183 | Depths:4 | Found Tyogguf's Weapon Shop.
 59183 | Depths:4 | Found Ocuxt's Distillery.
 59185 | Depths:4 | Found a runed translucent door.
 59186 | Depths:4 | Found Eklalud's Armour Shop.
 59192 | Depths:4 | Bought a potion of haste for 120 gold pieces
 59192 | Depths:4 | Bought a potion of heal wounds for 60 gold pieces
 59192 | Depths:4 | Bought a potion of haste for 120 gold pieces
 59192 | Depths:4 | Bought a potion of curing for 36 gold pieces
 59192 | Depths:4 | Bought a potion of enlightenment for 60 gold pieces
 59192 | Depths:4 | Bought a potion of curing for 36 gold pieces
 59197 | Depths:4 | Noticed a juggernaut
 59317 | Depths:4 | Found a gate to the Realm of Zot.
 59359 | Depths:4 | Identified the +11 spear of the Ten Princes {freeze, Fly
                  | rC+ Dex+4}
 59438 | Depths:4 | Reached XP level 24. HP: 291/291 MP: 30/30
 59716 | Depths:4 | Killed a juggernaut
 59717 | Depths:4 | Reached skill level 10 in Dodging
 59717 | Depths:4 | Reached skill level 12 in Invocations
 59743 | Depths:4 | Identified the ring of the Crafting Gods {Wiz Fly rN+}
 60013 | Vaults:4 | You fall into a shaft and drop 1 floor!
 60013 | Vaults:5 | Entered Level 5 of the Vaults
 60159 | Vaults:5 | Reached skill level 13 in Invocations
 60220 | Vaults:5 | Reached skill level 11 in Dodging
 60274 | Vaults:5 | Noticed an ancient lich
 60277 | Vaults:5 | Killed an ancient lich
 60422 | Vaults:5 | Noticed a dread lich
 60428 | Vaults:5 | Killed a dread lich
 60429 | Vaults:5 | Reached skill level 12 in Dodging
 60429 | Vaults:5 | Reached skill level 14 in Invocations
 60463 | Vaults:5 | Identified the +3 scale mail of the Maze {Int+2 Dex+4}
 60512 | Vaults:5 | Identified the +2 robe of the Stars {+Inv}
 60538 | Vaults:5 | Identified the +7 broad axe "Juicsaud" {flame, rF- rCorr
                  | Str+3}
 60657 | Vaults:5 | Identified the +4 scale mail of the Nightingale {rCorr}
 60747 | Vaults:5 | Got a silver rune of Zot
 60842 | Vaults:5 | Found Fofer's Jewellery Shoppe.
 61592 | Zot:1    | Entered Level 1 of the Realm of Zot
 61624 | Zot:1    | Reached skill level 15 in Invocations
 61693 | Zot:1    | Reached XP level 25. HP: 300/300 MP: 33/33
 62305 | Zot:1    | Reached skill level 16 in Invocations
 62323 | Zot:1    | You fall into a shaft and drop 1 floor!
 62824 | Zot:2    | Noticed a Killer Klown
 62841 | Zot:2    | Killed a Killer Klown
 63083 | Zot:2    | Reached skill level 17 in Invocations
 63575 | Zot:3    | Found an opulent altar of Gozag.
 63929 | Zot:3    | Identified the orb "Biteirch" {*channel, rElec rPois Will-
                  | Str+3}
 64110 | Zot:4    | Reached skill level 18 in Invocations
 64833 | Zot:4    | Identified the +4 dagger of Plunder {antimagic, rPois rC-
                  | rN+++ Stlth+}
 65107 | Zot:5    | Entered Level 5 of the Realm of Zot
 65133 | Zot:5    | Reached skill level 19 in Invocations
 66220 | Zot:5    | Noticed a dread lich
 66232 | Zot:5    | Killed a dread lich
 67953 | Zot:5    | Noticed an ancient lich
 67960 | Zot:5    | Killed an ancient lich
 68319 | Zot:5    | Reached XP level 26. HP: 311/311 MP: 35/35
 68425 | Zot:5    | Noticed a dread lich
 68430 | Zot:5    | Killed a dread lich
 68536 | Zot:5    | Reached skill level 20 in Invocations
 68537 | Zot:5    | Noticed an orb of fire
 68546 | Zot:5    | Killed an orb of fire
 68647 | Zot:5    | Noticed an orb of fire
 69003 | Zot:5    | Noticed an orb of fire
 69009 | Zot:5    | Killed an orb of fire
 69010 | Zot:5    | Reached skill level 13 in Dodging
 69361 | Zot:5    | Killed an orb of fire
 69364 | Zot:5    | Noticed an orb of fire
 69368 | Zot:5    | Lost mutation: You are robust. (+10% HP) [an orb of fire]
 69368 | Zot:5    | Gained mutation: You are frail. (-10% HP) [an orb of fire]
 69370 | Zot:5    | Killed an orb of fire
 69525 | Zot:5    | Noticed an orb of fire
 69773 | Zot:5    | Noticed an orb of fire
 69781 | Zot:5    | Killed an orb of fire
 70131 | Zot:5    | Reached skill level 17 in Shields
 70431 | Zot:5    | Got the Orb of Zot
 70450 | Zot:5    | Gained mutation: Armour fits poorly on your strangely
                  | shaped body. [an orb of fire]
 70455 | Zot:5    | Gained mutation: You have an increased reservoir of magic.
                  | (+10% MP) [an orb of fire]
 70456 | Zot:5    | Killed an orb of fire
 70457 | Zot:5    | Reached skill level 14 in Dodging
 70783 | D:7      | Noticed Xetem the pandemonium lord
 70794 | D:6      | Killed Xetem the pandemonium lord
 70909 | D:$      | Escaped with the Orb!

Illustrated notes

Levels and vault maps discovered:
D:1:      lightli_arrival_chessboard, layout_rooms,
          dreamdust_ecumenical_altar_drowned_temple
D:2:      layout_basic, uniq_terence, uniq_robin
D:3:      layout_basic, lemuel_doored_altar
D:4:      layout_loops_cross, mainiacjoe_overflow_concentric_impassable,
          lemuel_coloured_pillars_altar, serial_shops,
          nicolae_shop_advertising_works [nicolae_subvault_shop_adworks], shop,
          nicolae_shop_just_a_little_nook, shop, serial_bayou_pond_b,
          hangedman_decor_growths
D:5:      layout_cave_pools, minmay_temple_entry_statues_pillars
D:6:      layout_cave_pods, serial_shops, nicolae_shop_tiny_glass
D:7:      lemuel_bear_cage, layout_loops_ring, nemelex_spade_bored_becter,
          zin_purify, serial_shops, shop, uniq_joseph, uniq_menkaure,
          uniq_maurice
D:8:      minmay_cornered_nines, layout_basic, hellmonk_sif_muna_bookshelves,
          minmay_misc_feat_room, minmay_holes
D:9:      layout_cave_pools, mainiacjoe_overflow_24_doors, lemuel_round_altar,
          hangedman_abyss_or_decor_lesser_grid, kennysheep_generic_room_4
D:10:     regret_index_dithmenos_penumbral_divide, layout_basic,
          nzn_wu_jian_contemplation, nicolae_ashenzari_skybound,
          mainiacjoe_overflow_surrounded_room, kennysheep_mini_moat,
          minmay_orc_entry_temple_small, dilly_guarded_unrand_devastator
D:11:     layout_loops_ring, kiku_gazebo_pond_becter, uniq_erolcha, uniq_harold
D:12:     layout_basic, minmay_ruined_shrine
D:13:     layout_roguey, uniq_jorgrun
D:14:     layout_loops_ring, erik_vaults_2, kennysheep_cross_room,
          grunt_ministairs_2, uniq_frances
D:15:     grunt_enter_depths_snipers, layout_cross,
          serial_library_hellmonk_reading_circle
Lair:1:   layout_regular_city, serial_bayou_pond_b, grunt_megastairs_5,
          uniq_nergalle
Lair:2:   layout_cellular_growth, guppyfry_snake_entry_garden,
          infiniplex_staircase_pool, lemuel_fruit_tree, serial_bayou_shore_a,
          grunt_megastairs_1, uniq_gastronok
Lair:3:   layout_regular_city, mainiacjoe_swamp_entry_angry_trees,
          nzn_ghost_randoct, nicolae_lair_run_with_the_wolves,
          serial_bayou_shore_b
Lair:4:   gammafunk_boulding_lane, layout_loops_ring,
          minmay_slime_entry_pillars, nzn_sisyphean_effort
Lair:5:   cheibrodos_lair_end_hotspot, layout_regular_city,
          nicolae_lair_time_for_slime
Swamp:1:  layout_basic_swamp, portal_ice_cave_entry_ugly_swarm,
          nicolae_swamp_round_clearing, swamp_pool_3
Swamp:2:  layout_falls_marsh, nicolae_swamp_small_spring,
          infiniplex_staircase_pool_2
Swamp:3:  layout_basic_swamp, nicolae_swamp_bean_lake, swamp_pool_3,
          nicolae_swamp_well_well_well, nicolae_swamp_tree_isthmus,
          nicolae_swamp_decorative_isthmus, uniq_louise
Swamp:4:  swamp_vile, layout_basic_swamp, swamp_pool_1_2,
          nicolae_swamp_very_dense_foliage
Snake:1:  layout_chambers, special_room, basic_altar
Snake:2:  layout_misc_corridors, drop_trap, grunt_megastairs_2,
          minmay_shop_grove
Snake:3:  layout_layer_cave, nicolae_snake_dead_anacondas, minmay_shop_star,
          uniq_vashnia
Snake:4:  snake_pit_salamanders_mu, layout_cave_town, uniq_roxanne, uniq_aizul,
          uniq_mara
Orc:1:    layout_diamond_mine, special_room [special_room_orc],
          nicolae_orc_quarried_blocks, uniq_fannar
Orc:2:    kennysheep_orc_mage_school, layout_caves
Elf:1:    minmay_elf_arrival_plus, layout_gridlike, serial_shops,
          nicolae_shop_overgrown_old_shop, nicolae_shop_real_fake_doors, shop,
          nicolae_elf_blasts_and_bolts, lemuel_upstairs_altar, minmay_shoptagon
Elf:2:    nicolae_elf_blades_crystal_corner, layout_loops_corners, serial_shops,
          nicolae_shop_behind_doors, guppyfry_library_mini
Elf:3:    elf_hall, layout_geoelf_castle
Vaults:1: portal_desolation_entry_holy_temple, ontoclasm_vaults_spin,
          nicolae_vaults_little_squares_2, st_lines,
          nicolae_vaults_sightless_eye, v_misc_19, nicolae_vaults_six-pack,
          v_misc_5, layout_vaults_omnigrid
Vaults:2: nicolae_vaults_taking_the_gang_shopping, ontoclasm_vaults_eye,
          hangedman_vaults_stretched_pinwheel, v_misc_9,
          nicolae_vaults_steering_wheel, ontoclasm_vaults_fault,
          nicolae_vaults_six-pack, v_misc_26, nicolae_vaults_apartment_2,
          vaults_dpeg_diagonal, sword_in_stone, vaults_room_pool,
          layout_vaults_maze_snakey, serial_shops, shop_fountains, uniq_xtahua,
          uniq_zenata, uniq_margery
Vaults:3: v_rooms_3, minmay_crypt_entry_skeletal_spiral, v_pattern_1,
          nicolae_vaults_surprise_closet, nicolae_vaults_specimen_jars,
          nicolae_vaults_house_2, v_misc_2, v_misc_9,
          vaults_room_stairs_pillars, nicolae_vaults_tetromino_T_1,
          ontoclasm_vaults_loading_screen, vaults_mumra_hexcomb,
          nicolae_vaults_two_Ls, nicolae_vaults_asterisk, layout_vaults_omnibox,
          serial_shops, nicolae_shop_pleasant_corner_grove
Vaults:4: vaults_mumra_minichess_inversion, vaults_room_large_hall, v_misc_18,
          nicolae_vaults_back_hallway, nicolae_vaults_murderbox,
          layout_vaults_chaotic_city, serial_shops,
          nicolae_shop_pleasant_corner_grove
Vaults:5
Crypt:1:  layout_rooms, grunt_ministairs_7, grunt_crypt_arrival_split,
          uniq_frederick, uniq_josephina
Crypt:2:  layout_rooms, basic_altar, grunt_megastairs_4
Crypt:3:  cryptofortress_bobbens
Depths:1: minmay_tri_stars, layout_basic, nicolae_hell_entry_hellmouth_sunbeams,
          abyss_entry, serial_library_regret_index_double_sided,
          kennysheep_treasure_room, uniq_bai_suzhen
Depths:2: nicolae_legendary_halls, layout_long_grid, enter_ziggurat_e,
          hangedman_geh_valley, chequers_hall_statues_y,
          abyss_entry_small_statue_room, pan_entry, elyvilon_altar_3
Depths:3: regret_index_infernal_bastille, layout_cave_pools, nrook_campfire,
          hell_entry, abyss_entry, kennysheep_generic_room_5,
          infiniplex_staircase_zigzag_1
Depths:4: grunt_zot_entry_alcove, layout_gridville, pf_hell_entry_tar_spiral,
          serial_sigils_hangedman_stare, abyss_entry, minmay_shop_grid_forest,
          drop_trap, minmay_st_funbox
Zot:1:    layout_cathedral_of_symmetry, regret_index_zotdec_twisting_globes
Zot:2:    layout_misc_corridors
Zot:3:    evilmike_crystal_ball_defense, layout_onion,
          regret_index_zotdec_silver_v_v_orig_slice
Zot:4:    layout_onion_interference, regret_index_zotdec_plus
Zot:5:    layout_misc_corridors, st_stairs_8

Skill      XL: |  1  2  3  4  5  6  7  8  9 10 11 12 13 14 15 16 17 18 19 20 21 22 23 24 25 26 |
---------------+-------------------------------------------------------------------------------+-----
Unarmed Combat | 4 5 6 7 8 10 12 14 15 18 19 20 | 20.0
Dodging        | 3 4 5 7 8 9 12 14 | 14.4
Fighting       | 3 4 5 6 7 9 10 11 12 13 14 16 17 18 19 20 | 20.0
Throwing       | 2 3 4 6 8 9 10 | 10.0
Shields        | 2 4 5 6 8 9 11 12 13 14 16 17 | 17.4
Evocations     | 1 2 4 |  4.0
Armour         | 3 4 6 |  6.3
Stealth        | 1 3 4 |  4.0
Shapeshifting  | 9 14 15 16 18 19 20 | 20.0
Invocations    | 7 11 15 19 20 | 20.1

Action                     |  1- 3 |  4- 6 |  7- 9 | 10-12 | 13-15 | 16-18 | 19-21 | 22-24 | 25-27 || total
---------------------------+-------+-------+-------+-------+-------+-------+-------+-------+-------++-------
  Melee: Unarmed           |    62 |   147 |   246 |   459 |  1315 |  1366 |  1196 |  1335 |   611 ||  6737
         Kick              |       |       |       |       |       |       |       |   213 |   253 ||   466
  Throw: Dart              |     4 |       |    27 |    81 |    11 |       |       |       |       ||   123
         Boomerang         |       |     7 |       |     7 |    56 |    25 |     2 |    12 |    61 ||   170
         Large rock        |       |       |       |    12 |    12 |   149 |     4 |       |       ||   177
         Javelin           |       |       |       |       |     5 |     3 |       |       |       ||     8
Ability: Evoke Blink       |       |       |       |       |       |       |       |     1 |       ||     1
  Evoke: Wand              |       |       |     8 |     4 |     1 |     4 |    11 |     4 |     4 ||    36
         Lightning rod     |       |       |       |     3 |    15 |     1 |     3 |     4 |       ||    26
         Phial of floods   |       |       |       |       |       |       |     1 |       |       ||     1
    Use: Potion            |     1 |     2 |     1 |     1 |       |     5 |       |     3 |     7 ||    20
         Scroll            |       |     8 |     8 |     6 |    11 |     9 |    10 |     6 |    10 ||    68
   Stab: Paralysed         |       |       |    12 |     1 |       |       |     1 |       |       ||    14
         Sleeping          |       |       |       |     1 |     8 |     1 |    13 |     6 |     3 ||    32
         Distracted        |       |       |       |     1 |     1 |       |     5 |     1 |     2 ||    10
 Armour: Robe              |    27 |    18 |     9 |       |       |       |       |       |       ||    54
         Animal skin       |       |    52 |    59 |       |       |       |       |       |       ||   111
         Skin              |       |     9 |       |       |       |   160 |   787 |   736 |   484 ||  2176
         Steam dragon scal |       |       |    37 |    66 |       |       |       |       |       ||   103
         Troll leather arm |       |       |       |   210 |   559 |       |       |       |       ||   769
         Pearl dragon scal |       |       |       |       |   149 |   604 |       |       |       ||   753
  Dodge: Dodged            |    24 |    64 |    90 |   116 |   407 |   315 |   391 |   385 |   226 ||  2018
  Block: Kite shield       |       |       |   102 |   204 |   737 |    46 |       |       |       ||  1089
         Tower shield      |       |       |       |       |       |  2070 |  2000 |  2236 |   930 ||  7236
   Form: Statue            |       |       |       |       |       |     1 |       |       |       ||     1

Table legend:
 A = Kills in this place as a percentage of kills in the entire game.
 B = Kills by you in this place as a percentage of kills by you in the entire game.
 C = Kills by friends in this place as a percentage of kills by friends in the entire game.
 D = Other kills in this place as a percentage of other kills in the entire game.
 E = Experience gained in this place as a percentage of experience gained in the entire game.
 F = Experience gained in this place divided by the number of levels of this place that you have seen.
                   A       B       C       D       E      F
               +-------+-------+-------+-------+-------+----------------------
         Total | 100.0 | 100.0 | 100.0 | 100.0 | 100.0 | 27966.5
       Dungeon |  19.0 |  19.1 |   0.0 |   0.0 |   6.6 | 6281.0
          Lair |   8.3 |   8.3 |   0.0 |   0.0 |   4.0 | 11419.8
         Swamp |   5.5 |   5.5 |   0.0 |  50.0 |   4.7 | 16817.2
     Snake Pit |   9.5 |   9.6 |   0.0 |   0.0 |   8.7 | 30939.8
  Orcish Mines |   6.2 |   6.2 |   0.0 |   0.0 |   1.3 | 9397.5
   Elven Halls |   6.1 |   6.1 |   0.0 |  50.0 |   7.3 | 34576.0
        Vaults |  16.0 |  16.0 |  27.3 |   0.0 |  22.0 | 62673.8
         Crypt |   8.1 |   8.1 |   0.0 |   0.0 |   8.2 | 39106.0
        Depths |  10.3 |  10.3 |   0.0 |   0.0 |  16.4 | 58511.0
           Zot |   8.4 |   8.5 |   0.0 |   0.0 |  18.8 | 53704.8
    Desolation |   2.6 |   2.3 |  72.7 |   0.0 |   2.0 | 28170.0
               +-------+-------+-------+-------+-------+----------------------

Table legend: (Time is in decaauts)
 A = Elapsed time spent in this place.
 B = Non-inter-level travel time spent in this place.
 C = Inter-level travel time spent in this place.
 D = Time resting spent in this place.
 E = Time spent auto-exploring this place.
 F = Levels seen in this place.
 G = Mean time per level.
                   A        B        C        D        E       F      G
               +--------+--------+--------+--------+--------+-----+--------+
         Total |  86011 |  78047 |   7964 |  23595 |  37071 |  51 | 1686.5 |
       Dungeon |  18043 |  15004 |   3039 |   2949 |   8099 |  15 | 1202.9 |
          Lair |   9441 |   8019 |   1422 |   2459 |   3874 |   5 | 1888.2 |
         Swamp |   3329 |   3196 |    133 |    156 |   2215 |   4 |  832.2 |
     Snake Pit |   6343 |   5864 |    479 |   1197 |   3142 |   4 | 1585.8 |
  Orcish Mines |   2484 |   2104 |    380 |    416 |   1015 |   2 | 1242.0 |
   Elven Halls |   8437 |   7981 |    456 |   3906 |   2833 |   3 | 2812.3 |
        Vaults |  10047 |   9123 |    924 |   1312 |   5362 |   5 | 2009.4 |
         Crypt |   4469 |   4091 |    378 |    865 |   2113 |   3 | 1489.7 |
        Depths |   7923 |   7366 |    557 |   1408 |   4380 |   4 | 1980.8 |
           Zot |  13173 |  12982 |    191 |   8118 |   3026 |   5 | 2634.6 |
    Desolation |   2317 |   2317 |      0 |    804 |   1011 |   1 | 2317.0 |
               +--------+--------+--------+--------+--------+-----+--------+

Top non-repeatable levels by time:
   Zot:5: 7948 daAuts
   Elf:3: 5821 daAuts
  Lair:5: 3444 daAuts
    D:10: 3097 daAuts
 Snake:4: 2770 daAuts
Depths:1: 2659 daAuts
Vaults:2: 2492 daAuts
Depths:3: 2338 daAuts
Desolation: 2317 daAuts
Vaults:1: 2176 daAuts
  Lair:3: 2036 daAuts
 Crypt:1: 1871 daAuts
Vaults:5: 1856 daAuts
Vaults:4: 1828 daAuts
 Crypt:3: 1782 daAuts
